 Dungeon Crawl Stone Soup version 0.28.0-53-g5a82cb258f (webtiles) character file.

Game seed: 12427700512981655654

90349 Peloso the Fencer (level 15, -7/141 HPs)
             Began as a Minotaur Fighter on Aug 11, 2022.
             Was a High Priest of Okawaru.
             Mangled by a fire elemental (13 damage)
             ... summoned by a deep elf pyromancer
             ... on level 14 of the Dungeon.
             The game lasted 01:03:34 (31678 turns).

Peloso the Fencer (Minotaur Fighter)               Turns: 31678, Time: 01:03:35

Health: -7/141     AC:  0    Str: 25    XL:     15   Next: 51%
Magic:  16/16      EV: 16    Int:  5    God:    Okawaru [*****.]
Gold:   1934       SH:  5    Dex: 13    Spells: 14/14 levels left

rFire   . . .      SeeInvis .   (weapon currently unavailable)
rCold   . . .      Faith    .   (shield currently unavailable)
rNeg    . . .      Spirit   .   (armour currently unavailable)
rPois   .          Reflect  +   (helmet currently unavailable)
rElec   .          Harm     .   (cloak currently unavailable)
rCorr   .          Rampage  .   (gloves currently unavailable)
Will    +....                   (boots currently unavailable)
Stlth   ++........              z - amulet of reflection
HPRegen 0.33/turn               (ring currently unavailable)
MPRegen 0.15/turn               (ring currently unavailable)

@: pig-form, very quick
A: fast, no casting, small, (horns 2), (retaliatory headbutt)
a: Renounce Religion, Heroism, Finesse, Duel


You were on level 14 of the Dungeon.
You worshipped Okawaru.
Okawaru was extremely pleased with you.
You were a filthy swine.
You visited 4 branches of the dungeon, and saw 23 of its levels.
You also visited: Bailey and Volcano.

You collected 2362 gold pieces.
You spent 428 gold pieces at shops.

Inventory:

Hand Weapons
 a - a +4 scimitar of flaming (melded)
 b - a +2 scimitar of flaming
Missiles
 r - a throwing net (quivered)
Armour
 c - a +0 buckler (melded)
 d - a +2 plate armour of willpower (melded)
 i - a +0 plate armour of fire resistance
 m - a +1 cloak (melded)
 s - the +0 plate armour "Rozuoj" {rN+ Slay+2}
   (Okawaru gifted it to you on level 6 of the Lair of Beasts)

   Slay:      It affects your accuracy & damage with ranged weapons and melee
   (+2).
   rN:        It protects you from negative energy.
 A - the +2 pair of boots "Utsau" (melded) {rPois rCorr Str+7 Dex-2}
   (You bought it in a shop on level 9 of the Dungeon)

   Str:       It affects your strength (+7).
   Dex:       It affects your dexterity (-2).
   rPois:     It protects you from poison.
   rCorr:     It protects you from acid and corrosion.
 B - the +5 pair of gloves of Geafok (melded) {rPois}
   (You found it on level 7 of the Dungeon)

   rPois:     It protects you from poison.
 K - +0 fire dragon scales
Jewellery
 e - a ring of fire
 p - a ring of fire
 v - a ring of magical power
 w - a ring of protection from fire (melded)
 z - an amulet of reflection (around neck)
 E - a +6 ring of dexterity (melded)
Wands
 j - a wand of mindburst (11)
 t - a wand of digging (2)
 y - a wand of paralysis (7)
 F - a wand of flame (2)
Scrolls
 h - 9 scrolls of fog
 l - 9 scrolls of teleportation
 n - 5 scrolls of immolation
 q - a scroll of magic mapping
 u - a scroll of amnesia
 G - 2 scrolls of silence
 H - 2 scrolls of noise
 I - a scroll of holy word
Potions
 f - 3 potions of haste
 g - 5 potions of curing
 k - 11 potions of brilliance
 x - a potion of resistance
 C - 2 potions of might
 D - 2 potions of magic
Miscellaneous
 o - a tin of tremorstones (2/2)


   Skills:
 + Level 15.2 Fighting
 + Level 2.1(10.7) Short Blades
 + Level 17.5 Long Blades
 + Level 17.1 Armour
 + Level 4.6 Dodging
 + Level 3.6 Stealth
 + Level 15.8 Shields
 + Level 3.4 Invocations
 + Level 2.3 Evocations


You had 14 spell levels left.
You didn't know any spells.
Your spell library contained the following spells:

 Spells                   Type           Power      Damage    Failure   Level
 Foxfire                  Conj/Fire      0%         2x1d4     47%         1
 Magic Dart               Conj           0%         1d3       47%         1
 Pain                     Necr           0%         1d4       47%         1
 Sandblast                Erth           0%         2d4       47%         1
 Passwall                 Tmut/Erth      0%         N/A       63%         2
 Conjure Flame            Conj/Fire      0%         6-21      85%         3
 Inner Flame              Hex/Fire       0%         N/A       85%         3
 Mephitic Cloud           Conj/Pois/Air  0%         N/A       85%         3
 Ozocubu's Armour         Ice            0%         N/A       85%         3
 Portal Projectile        Hex/Tloc       0%         N/A       85%         3
 Stone Arrow              Conj/Erth      0%         3d7       85%         3
 Flame Wave               Conj/Fire      0%         2d4       99%         4
 Passage of Golubria      Tloc           0%         N/A       99%         4
 Agony                    Necr           0%         N/A       100%        5
 Blade Hands              Tmut           0%         N/A       100%        5
 Excruciating Wounds      Necr           0%         N/A       100%        5
 Yara's Violent Unravell  Hex/Tmut       0%         3d3       100%        5
 Orb of Destruction       Conj           0%         9d5       100%        7
 Ozocubu's Refrigeration  Ice            0%         4d5       100%        7
 Summon Small Mammal      Summ           Unusable   N/A       N/A         1
 Call Imp                 Summ           Unusable   N/A       N/A         2
 Call Canine Familiar     Summ           Unusable   N/A       N/A         3
 Summon Guardian Golem    Hex/Summ       Unusable   N/A       N/A         3
 Tukima's Dance           Hex            Unusable   N/A       N/A         3
 Spellforged Servitor     Conj/Summ      Unusable   N/A       N/A         7

Dungeon Overview and Level Annotations

Branches:
Dungeon (14/15)            Temple (1/1) D:4            Lair (6/6) D:10
 Shoals (0/4) Lair:3        Snake (0/4) Lair:4        Slime (0/5) Lair:5
    Orc (2/2) D:12            Elf (0/3) Orc:2        Bailey (visited)
Volcano (visited)
 Vaults: D:13-14

Altars:
Ashenzari
Cheibriados
Dithmenos
Elyvilon
Fedhas
Gozag
Hepliaklqana
Kikubaaqudgha
Makhleb
Nemelex Xobeh
Okawaru
Qazlal
Ru
Sif Muna
Trog
Uskayaw
Vehumet
Wu Jian
Xom
Yredelemnul
Zin
The Shining One
Beogh
Jiyva

Shops:
D:7 !   D:9 *[   D:10 ?   D:14 *   Orc:2 !=(*([*

Annotations:
D:14 Kirke
Lair:1 Casa
Lair:4 Fire protection
Lair:5 1 runed translucent door


Innate Abilities, Weirdness & Mutations

You are a filthy swine.
You move quickly.
Your equipment is almost entirely melded.
You are incapable of wielding weapons or throwing items.
You cannot cast spells.
((You have a pair of horns on your head.))
((You reflexively headbutt those who attack you in melee.))


Message History

The lindwurm bites you! The lindwurm misses you.
You block the lindwurm's attack.
You hit Kirke but do no damage.
Kirke is heavily wounded.
Kirke hits you with a +0 vorpal war axe!!
The lindwurm bites you! The lindwurm claws you! x2
Unknown command.
You bite Kirke!
Kirke is heavily wounded.
Kirke hits you with a +0 vorpal war axe!
The lindwurm completely misses you. The lindwurm claws you.
The lindwurm claws you!
* * * LOW HITPOINT WARNING * * *
Unknown command.
You hit Kirke.
Kirke is severely wounded.
Unknown command.
Unknown command.
Aiming: Mindburst
Press: ? - help, Shift-Dir - straight line, f - Kirke
Aim: Kirke, wielding a +0 vorpal war axe (heavily wounded, chance to affect: 12%) Kirke resists with almost no effort.
Unknown command.
The lindwurm breathes flames at you. The blast of flame hits you!!
* * * LOW HITPOINT WARNING * * *
Kirke gestures wildly while chanting.
Kirke summons a sphinx!
The deep elf pyromancer shouts!
The deep elf pyromancer points at you and mumbles some strange words.
The sticky flame misses you.
The deep elf pyromancer casts a spell.
The deep elf pyromancer barely misses you.
Unknown command.
The fire elemental closely misses you.
You feel like a meek peon again. The fire elemental hits you.
* * * LOW HITPOINT WARNING * * *
The fire elemental burns you!
You die...

#.......# #..#
#.......# #.##
###....H.@# #.#
..........#
###########.#
###......k#
#...<.......#
#.......#
#.###########
#######.######.#
#....#..E###
####h#.eh..#
###.#...#.#
#...##h.#.#
#.##......#
#.##.######
#....# ######


You could see a deep elf pyromancer, a hog and a fire elemental (summoned).

Vanquished Creatures
  Frances (D:14)
  A tengu reaver (D:12)
  Azrael (D:13)
  2 fire dragons
  Snorg (D:13)
  The ghost of Nefuv the Blocker, a journeyman MiBe of Trog (Lair:3)
  4 hydras
  The ghost of hitsuchi the Basher, a journeyman KoBe of Trog (Lair:3)
  Harold (D:7)
  A catoblepas (D:13)
  Erolcha (D:13)
  4 boulder beetles
  An anaconda (shapeshifter) (D:13)
  3 centaur warriors
  A death knight (D:12)
  5 two-headed ogres
  Urug (Lair:2)
  6 death yaks
  2 orc high priests (Orc:2)
  A tengu warrior (D:14)
  A deep troll earth mage (D:13)
  A hell knight (Volcano)
  5 skeletal warriors
  A salamander mystic (Volcano)
  A phantasmal warrior (D:12)
  2 deep elf pyromancers
  7 orc sorcerers
  7 cyclopes
  2 salamanders (Volcano)
  8 ugly things
  A faun (shapeshifter) (D:13)
  9 elephants
  2 manticores (D:13)
  2 centaur zombies
  Maurice (D:9)
  4 molten gargoyles (Volcano)
  2 black mambas
  10 cane toads
  2 gargoyles (Volcano)
  2 rime drakes
  6 kobold demonologists
  2 unseen horrors
  3 freezing wraiths
  3 komodo dragons
  2 efreet
  A tengu conjurer (D:13)
  3 polar bears (Lair:6)
  4 hornets
  4 slime creatures (D:13)
  5 trolls
  A meliai zombie (D:11)
  6 dream sheep (Lair:6)
  21 blink frogs
  A slime creature (shapeshifter) (D:13)
  A shadow (D:11)
  2 centaur simulacra (D:13)
  10 spriggans (Lair:6)
  A wraith (D:11)
  60 yaks
  3 water elementals (D:14)
  A hog (D:14)
  3 wyverns
  The ghost of ILmort the Cudgeller, an amateur MiFi (D:3)
  A human (D:5)
  5 basilisks
  2 steam dragons
  4 vampire mosquitoes
  4 wargs
  Menkaure (D:7)
  4 hell hounds (D:13)
  An acid dragon (D:10)
  8 water moccasins
  25 orc warriors
  5 black bears
  9 ogres
  4 boggarts (Lair:6)
  8 centaurs
  34 wolves
  10 kobold brigands
  12 bullfrogs
  A wyvern zombie (D:6)
  6 scorpions
  7 howler monkeys
  4 wights (D:9)
  10 electric eels
  A jelly (D:4)
  2 bullfrog skeletons (D:5)
  13 orc priests
  2 gnoll shamans
  A centaur skeleton (D:7)
  An iguana (D:5)
  A human skeleton (D:5)
  27 orc wizards
  A scorpion simulacrum (D:3)
  A howler monkey zombie (D:10)
  Robin (D:3)
  21 gnolls
  5 adders
  2 hound simulacra (D:3)
  A shadow imp (D:7)
  3 white imps
  An ufetubus (D:5)
  An adder zombie (D:5)
  An adder skeleton (D:4)
  3 worms
  2 dart slugs
  57 orcs
  6 endoplasms
  6 giant cockroaches
  19 goblins
  11 hobgoblins
  40 kobolds
  4 quokkas
  5 ball pythons
  A ball python simulacrum (D:3)
  5 bats
  7 frilled lizards (D:1)
  A jackal simulacrum (D:3)
  A jackal skeleton (D:5)
  A quokka simulacrum (D:3)
  3 rats
676 creatures vanquished.

Vanquished Creatures (others)
  A manticore (D:12)
  An unseen horror (D:10)
  A tengu conjurer (D:13)
  A kobold brigand (D:12)
  An orc priest (Orc:2)
  A scorpion zombie (D:5)
  An orc wizard (Orc:2)
  15 fungi
  29 plants
  6 withered plants (Lair:3)
57 creatures vanquished.

Grand Total: 733 creatures vanquished

Notes
Turn   | Place    | Note
-------+----------+-------------------------------------------
     0 | D:1      | Peloso the Minotaur Fighter began the quest for the Orb.
     0 | D:1      | Reached XP level 1. HP: 19/19 MP: 0/0
   181 | D:1      | Reached XP level 2. HP: 24/27 MP: 1/1
   506 | D:1      | Reached XP level 3. HP: 17/33 MP: 2/2
  1546 | D:2      | Found a faded altar of an unknown god.
  2049 | D:3      | Reached XP level 4. HP: 37/39 MP: 3/3
  2061 | D:3      | Reached skill level 1 in Dodging
  2082 | D:3      | HP: 2/40 [bat (1)]
  2090 | D:3      | HP: 2/40 [bat (1)]
  2114 | D:3      | HP: 1/40 [gnoll/+0 flail (4)]
  2445 | D:3      | Noticed Robin
  2481 | D:3      | Killed Robin
  2482 | D:3      | Reached XP level 5. HP: 31/46 MP: 4/4
  2743 | D:3      | Noticed ILmort's ghost (amateur MiFi)
  2767 | D:3      | Found a runed translucent gate.
  2767 | D:3      | Found a runed translucent gate.
  2767 | D:3      | Found a runed translucent gate.
  3303 | D:4      | Noticed a black bear
  3309 | D:4      | Killed a black bear
  3310 | D:4      | Reached skill level 5 in Armour
  3359 | D:4      | You fall into a shaft and drop 1 floor!
  3359 | D:5      | Entered Level 5 of the Dungeon
  3368 | D:5      | Reached skill level 5 in Long Blades
  3368 | D:5      | Reached XP level 6. HP: 53/53 MP: 5/5
  3386 | D:5      | Noticed a yak
  3387 | D:5      | Found a runed translucent door.
  3387 | D:5      | Noticed a human
  3388 | D:5      | Noticed a yak
  3389 | D:5      | Noticed a yak
  3390 | D:5      | Noticed a yak
  3408 | D:5      | Killed a yak
  3412 | D:5      | Killed a yak
  3413 | D:5      | Reached XP level 7. HP: 16/60 MP: 6/6
  3418 | D:5      | Killed a yak
  3419 | D:5      | Reached skill level 5 in Fighting
  3452 | D:5      | Killed a yak
  3832 | D:5      | Found a radiant altar of Vehumet.
  4042 | D:5      | Found a stormy altar of Qazlal.
  4135 | D:5      | Reached skill level 5 in Shields
  4222 | D:5      | Found a basalt altar of Yredelemnul.
  4268 | D:5      | Reached XP level 8. HP: 65/69 MP: 7/7
  5337 | D:4      | Found a staircase to the Ecumenical Temple.
  5345 | Temple   | Entered the Ecumenical Temple
  6382 | D:6      | Reached skill level 1 in Stealth
  6528 | D:6      | Found a shimmering blue altar of Sif Muna.
  6639 | D:6      | Reached XP level 9. HP: 73/75 MP: 8/8
  7153 | D:7      | Found Vicits's Distillery.
  7163 | D:7      | Noticed Menkaure
  7173 | D:7      | Killed Menkaure
  7312 | D:7      | Noticed Harold
  7318 | D:7      | Identified the +5 pair of gloves of Geafok {rPois}
  7348 | D:7      | Killed Harold
  7349 | D:7      | Reached skill level 10 in Long Blades
  7660 | D:7      | Found an opulent altar of Gozag.
  8599 | D:8      | Reached skill level 1 in Evocations
  8601 | D:8      | Found a flagged portal.
  8623 | Bailey   | Entered a bailey
  9202 | Bailey   | Reached XP level 10. HP: 46/86 MP: 9/9
  9251 | Bailey   | Reached skill level 10 in Armour
  9481 | Bailey   | Found a burning altar of Makhleb.
 10285 | D:9      | Noticed Maurice
 10285 | D:9      | Noticed a two-headed ogre
 10303 | D:8      | Killed a two-headed ogre
 10839 | D:9      | Killed Maurice
 10878 | D:9      | Found Bupass's Antique Armour Boutique.
 10922 | D:9      | Found a hazy altar of Hepliaklqana.
 10922 | D:9      | Found a glowing silver altar of Zin.
 10998 | D:9      | Found Icocilia's Gadget Gallery.
 11318 | D:9      | Bought a pair of scorched boots for 218 gold pieces
 11318 | D:9      | Identified the +2 pair of boots "Utsau" {rPois rCorr Str+7
                  | Dex-2} (You bought it in a shop on level 9 of the Dungeon)
 11470 | D:10     | Entered Level 10 of the Dungeon
 11493 | D:10     | Noticed a two-headed ogre
 11532 | D:9      | Killed a two-headed ogre
 11533 | D:9      | Reached XP level 11. HP: 91/97 MP: 10/10
 11557 | D:10     | Noticed a two-headed ogre
 11572 | D:10     | Killed a two-headed ogre
 11868 | D:10     | Found Temojeul's Magic Scroll Shoppe.
 12214 | D:10     | Found a bloodstained altar of Trog.
 12329 | D:10     | Found an iron altar of Okawaru.
 12334 | D:10     | Became a worshipper of Warmaster Okawaru
 12344 | D:10     | Found a shadowy altar of Dithmenos.
 12434 | D:10     | Found a staircase to the Lair.
 12778 | Lair:1   | Entered Level 1 of the Lair of Beasts
 12889 | Lair:1   | Reached * piety under Okawaru
 13189 | Lair:1   | Reached ** piety under Okawaru
 13731 | Lair:1   | Reached skill level 10 in Fighting
 14190 | Lair:2   | Noticed Urug
 14201 | Lair:2   | Killed Urug
 14323 | Lair:2   | Reached XP level 12. HP: 106/106 MP: 11/11
 14543 | Lair:2   | Reached *** piety under Okawaru
 14800 | Lair:2   | Found a shimmering altar of Xom.
 15408 | Lair:3   | Found a staircase to the Shoals.
 15424 | Lair:3   | Reached **** piety under Okawaru
 15814 | Lair:3   | Found a runed translucent gate.
 15833 | Lair:3   | Found a runed translucent gate.
 15833 | Lair:3   | Found a runed translucent gate.
 15836 | Lair:3   | Noticed hitsuchi's ghost (journeyman KoBe)
 15836 | Lair:3   | Noticed Nefuv's ghost (journeyman MiBe)
 16228 | Lair:4   | Noticed a seven-headed hydra
 16239 | Lair:4   | Killed a seven-headed hydra
 16380 | Lair:4   | Found a staircase to the Snake Pit.
 16389 | Lair:4   | Noticed a death yak
 16389 | Lair:4   | Noticed a death yak
 16394 | Lair:4   | Noticed a death yak
 16395 | Lair:4   | Noticed a death yak
 16396 | Lair:4   | Noticed a death yak
 16396 | Lair:4   | Noticed a death yak
 16419 | Lair:3   | Killed a death yak
 16563 | Lair:3   | Killed a death yak
 16571 | Lair:3   | Killed a death yak
 16572 | Lair:3   | Reached skill level 1 in Short Blades
 16572 | Lair:3   | Reached skill level 10 in Shields
 16579 | Lair:3   | Killed a death yak
 16580 | Lair:3   | Reached skill level 15 in Long Blades
 16593 | Lair:3   | Killed a death yak
 16594 | Lair:3   | Reached skill level 1 in Invocations
 16814 | Lair:4   | Killed a death yak
 16904 | Lair:4   | Reached ***** piety under Okawaru
 17280 | Lair:4   | Reached XP level 13. HP: 100/118 MP: 12/12
 17285 | Lair:4   | Received a gift from Okawaru
 18854 | D:11     | Identified the +0 hat of Jigsaw {Rampage +Blink +Inv rF-}
                  | (Okawaru gifted it to you on level 11 of the Dungeon)
 18854 | D:11     | Received a gift from Okawaru
 20046 | D:12     | Found a staircase to the Orcish Mines.
 20364 | D:12     | Reached skill level 15 in Armour
 20665 | Orc:1    | Entered Level 1 of the Orcish Mines
 20680 | Orc:1    | Paralysed by an orc sorcerer for 3 turns
 20704 | Orc:1    | Found a dark tunnel.
 20713 | Volcano  | Entered a volcano
 21688 | Volcano  | Noticed an orb of fire
 21721 | Volcano  | Noticed an orb of fire
 22054 | Orc:1    | Paralysed by an orc sorcerer for 3 turns
 22058 | Orc:1    | Received a gift from Okawaru
 22688 | Orc:2    | Entered Level 2 of the Orcish Mines
 22730 | Orc:2    | Found Tuek's Jewellery Shoppe.
 22902 | Orc:2    | Reached XP level 14. HP: 102/129 MP: 14/14
 23226 | Orc:2    | Paralysed by an orc sorcerer for 6 turns
 23510 | Orc:2    | Found Dicwoco's Antique Weapon Shoppe.
 23510 | Orc:2    | Found Nefril's Assorted Antiques.
 23511 | Orc:2    | Found Leix's Antique Armour Emporium.
 23516 | Orc:2    | Found Wasusup's General Store.
 23520 | Orc:2    | Bought a scroll of magic mapping for 126 gold pieces
 23910 | Orc:2    | Found Kaezeimpekk's Distillery.
 23957 | Orc:2    | Found Taxoonge's Antique Weapon Shop.
 24087 | Orc:2    | Found a staircase to the Elven Halls.
 24263 | D:13     | Noticed Erolcha
 24270 | D:13     | Killed Erolcha
 24741 | D:13     | Noticed Azrael
 24756 | D:13     | Killed Azrael
 24760 | D:13     | Noticed a tengu reaver
 25084 | D:12     | Received a gift from Okawaru
 25730 | D:12     | Killed a tengu reaver
 25873 | D:13     | Received a gift from Okawaru
 26187 | D:13     | Noticed Snorg
 26202 | D:13     | Killed Snorg
 26528 | D:13     | Found a white marble altar of Elyvilon.
 27533 | Lair:5   | Reached XP level 15. HP: 114/139 MP: 16/16
 27728 | Lair:5   | Reached skill level 15 in Shields
 27872 | Lair:5   | Found a radiant altar of Vehumet.
 28202 | Lair:5   | You fall into a shaft and drop 1 floor!
 28202 | Lair:6   | Entered Level 6 of the Lair of Beasts
 28288 | Lair:6   | Identified the +0 plate armour "Rozuoj" {rN+ Slay+2}
                  | (Okawaru gifted it to you on level 6 of the Lair of Beasts)
 28288 | Lair:6   | Received a gift from Okawaru
 29618 | Lair:5   | Found a runed translucent door.
 29618 | Lair:5   | Found a viscous altar of Jiyva.
 29618 | Lair:5   | Found a staircase to the Slime Pits.
 29619 | Lair:5   | Noticed an azure jelly
 30073 | D:3      | Killed ILmort's ghost
 30237 | D:5      | Reached skill level 15 in Fighting
 30444 | Lair:3   | Killed hitsuchi's ghost
 30451 | Lair:3   | Killed Nefuv's ghost
 31079 | D:14     | Noticed Kirke
 31123 | D:14     | Found a blossoming altar of Fedhas.
 31266 | D:14     | Noticed Frances
 31275 | D:14     | Killed Frances
 31590 | D:14     | Found Niwunyuxze's General Store.
 31598 | D:14     | Bought a scroll of identify for 28 gold pieces
 31598 | D:14     | Bought a potion of might for 56 gold pieces
 31666 | D:14     | HP: 5/141 [lindwurm/blast of flame[Kirke] (34)]
 31668 | D:14     | Noticed a sphinx
 31678 | D:14     | HP: 6/141 [fire elemental[a deep elf pyromancer] (1)]
 31678 | D:14     | Mangled by a fire elemental

Illustrated notes

Levels and vault maps discovered:
D:1:      giann_wishing_wells, layout_basic, nicolae_wormholes
D:2:      layout_basic, ebering_ecumenical_altar_ruins, minmay_misc_feat_cross
D:3:      layout_loops_cross, gammafunk_ghost_icy, uniq_robin
D:4:      layout_gridville, temple_green, serial_glass, glass_columns_b,
          glass_columns_a, grunt_ministairs_6, bh_walls_and_bars
D:5:      layout_loops_cross, mainiacjoe_overflow_tiny_flanked,
          dk_yredelemnul_ordeal, fiery_altar_vehumet
D:6:      layout_rooms, led_sif_book, chequers_arboretum,
          roderic_serpentine_path, feat_on_display
D:7:      layout_loops_cross, mainiacjoe_overflow_brackets, serial_shops,
          kennysheep_little_box, uniq_harold, uniq_menkaure
D:8:      layout_cave_pods, enter_bailey_5, serial_park_tiny_1
D:9:      layout_big_octagon, gammafunk_temple_overflow_elements, serial_shops,
          nicolae_inconvenience_store, nicolae_shop_gadgets, uniq_maurice
D:10:     layout_loops_ring, amethyst_overflow_temple_binary, trog_antimagical,
          grunt_lair_entry_orc_guard_hut, serial_shops, nicolae_shop_crystal
D:11:     layout_basic
D:12:     layout_long_grid, david_orc_2, kennysheep_flooded_box
D:13:     minmay_eight_partial_circles, layout_basic,
          nicolae_elyvilon_peaceful_grove, uniq_azrael, uniq_snorg, uniq_erolcha
D:14:     layout_basic, grunt_vaults_entry_tiered, fedhas_altar_2, serial_shops,
          nicolae_shop_advertising_works [nicolae_subvault_shop_adworks],
          hellmonk_guarded_unrand_staff_of_battle, uniq_kirke, uniq_nessos,
          uniq_frances
Temple:   minmay_temple_bridge_abc
Lair:1:   layout_cave_shapes, small_statue_intersection, columned_hall_lemuel,
          infiniplex_staircase_pool, serial_bayou_shore_a
Lair:2:   layout_long_grid, chequers_serial_rivers_micro_e,
          lemuel_centaur_altar, uniq_urug
Lair:3:   layout_loops_ring, minmay_shoals_entry_centaurs,
          gammafunk_ghost_cemetery, lemuel_fruit_fields
Lair:4:   layout_layer_cave, dummy_snake_entry, minmay_lindwurm_lava,
          serial_bayou_shore_b, grunt_megastairs_1, infiniplex_staircase_pool_2,
          lemuel_fruit_fields
Lair:5:   layout_regular_city, slime_altar_2, basic_altar, serial_bayou_shore_b,
          grunt_megastairs_5
Lair:6:   minmay_lair_end_enchanted_forest, layout_layer_cave,
          nicolae_quartered_pool_little, lemuel_fruit_tree
Orc:1:    layout_caves, basic_altar, nicolae_volcano_entry_lava_flow
Orc:2:    st_orc_mages, layout_diamond_mine, serial_shops,
          nicolae_shop_overgrown_old_shop, shop_fountains,
          nicolae_shop_window_shopping, nicolae_orc_pool_cavern

Skill      XL: |  1  2  3  4  5  6  7  8  9 10 11 12 13 14 15 |
---------------+----------------------------------------------+-----
Fighting       | 4 5 6 7 9 10 12 13 14 15 | 15.2
Armour         | 4 5 6 8 9 11 13 14 15 16 17 | 17.1
Shields        | 4 5 6 8 10 13 14 15 | 15.8
Long Blades    | 3 5 6 7 9 11 12 14 15 17 | 17.5
Dodging        | 1 2 3 4 |  4.6
Stealth        | 1 3 |  3.6
Evocations     | 1 2 |  2.3
Short Blades   | 1 2 |  2.1
Invocations    | 1 2 3 |  3.4

Action                   |  1- 3 |  4- 6 |  7- 9 | 10-12 | 13-15 || total
-------------------------+-------+-------+-------+-------+-------++-------
Melee: Long sword        |    98 |   115 |   329 |   704 |   269 ||  1515
       Headbutt          |    13 |    17 |    62 |   165 |   269 ||   526
       Short sword       |       |       |       |    16 |    18 ||    34
       Scimitar          |       |       |       |       |   847 ||   847
       Unarmed           |       |       |       |       |     3 ||     3
Invok: Heroism           |       |       |       |     8 |    36 ||    44
Evoke: Wand              |       |       |     5 |     5 |    13 ||    23
  Use: Scroll            |     6 |       |     6 |    12 |     9 ||    33
       Potion            |       |       |     4 |     3 |     6 ||    13
 Stab: Paralysed         |       |       |       |     9 |       ||     9
Armor: Scale mail        |    27 |       |       |       |       ||    27
       Chain mail        |    15 |    83 |    11 |       |       ||   109
       Plate armour      |       |       |   163 |   423 |   738 ||  1324
Dodge: Dodged            |    45 |    52 |    95 |   244 |   366 ||   802
Block: Buckler           |    19 |    25 |    64 |   292 |   673 ||  1073
       Reflection        |       |       |       |    10 |    18 ||    28
       Other             |       |       |       |       |     1 ||     1
